 Dungeon Crawl Stone Soup version 0.23-a0-446-g036aa52 (console) character file.

1978 bli the Basher (level 9, -5/54 HPs)
             Began as a Gargoyle Fighter on Nov 15, 2018.
             Was an Initiate of Ru.
             Slain by an orc warrior
             ... wielding a +1 halberd of flaming
              (16 damage)
             ... on level 6 of the Dungeon on Nov 18, 2018.
             The game lasted 00:30:46 (6260 turns).

bli the Basher (Gargoyle Fighter)                   Turns: 6260, Time: 00:30:47

Health: -5/54      AC: 17    Str: 21    XL:     9   Next: 20%
Magic:  9/9        EV:  8    Int:  9    God:    Ru [......]
Gold:   205        SH: 11    Dex: 11    Spells: 8/8 levels left

rFire    x . .     SeeInvis .   a - +2 whip (flame)
rCold    + . .     Gourm    .   c - +0 shield
rNeg     + . .     Faith    +   P - +3 scale mail {MR+}
rPois    ∞         Spirit   .   (no helmet)
rElec    +         Reflect  .   (no cloak)
rCorr    .         Harm     .   z - +0 pair of gloves
MR       +....                  (no boots)
Stlth    ..........             L - amulet of faith
HPRegen  0.18/turn              l - ring of poison resistance
MPRegen  0.11/turn              N - ring of ice

@: no status effects
A: negative energy resistance 1, electricity resistance, unbreathing,
petrification resistance, rot immunity, AC +6
a: Renounce Religion


You were on level 6 of the Dungeon.
You worshipped Ru.
Ru was noncommittal.
You were not hungry.

You visited 1 branch of the dungeon, and saw 6 of its levels.

You collected 205 gold pieces.

Inventory:

Hand Weapons
 a - a +2 whip of flaming (weapon)
 b - a +1 hand axe of chopping
 g - a +0 mace
 s - a +0 quarterstaff
 v - a +0 blowgun
 y - a +0 mace
 G - a +0 flail
 Q - a +0 lajatang
Missiles
 j - 148 stones
 w - 36 poisoned needles
 x - 70 sling bullets
 F - 2 javelins (quivered)
Armour
 c - a +0 shield (worn)
 e - a +0 ring mail
 z - a +0 pair of gloves (worn)
 P - a +3 scale mail of magic resistance (worn)
 S - a +1 robe of fire resistance
Magical Staves
 I - an uncursed staff of cold
Jewellery
 l - a ring of poison resistance (left hand)
 L - an amulet of faith (around neck)
 N - a ring of ice (right hand)
Wands
 M - a wand of iceblast (7)
Scrolls
 h - a scroll of amnesia
 i - 6 scrolls of identify
 n - a scroll of magic mapping
 o - 2 scrolls of immolation
 p - a scroll of remove curse
 t - 4 scrolls of enchant armour
 u - 2 scrolls of fear
 B - a scroll of teleportation
Potions
 d - a potion of might
 k - a potion of mutation {unknown}
 r - 3 potions of curing
 A - a potion of magic {unknown}
 C - 2 potions of degeneration {unknown}
 D - 3 potions of heal wounds {unknown}
 E - a potion of invisibility {unknown}
 J - a potion of cancellation {unknown}
 K - a potion of haste {unknown}
Comestibles
 f - 7 rations
 m - 12 chunks of flesh


   Skills:
 + Level 5.1 Fighting
 * Level 8.4 Maces & Flails
 * Level 4.8 Armour
 + Level 8.3 Shields


You had 8 spell levels left.
You didn't know any spells.
Your spell library contained the following spells:

 Spells                   Type           Power        Failure   Level  Hunger
 Corona                   Hex            #......      94%         1    ##.....
 Magic Dart               Conj           #...         94%         1    ##.....
 Blink                    Tloc           N/A          98%         2    ###....
 Call Imp                 Summ           #.......     98%         2    ###....
 Ensorcelled Hibernation  Hex/Ice        #.....       98%         2    ###....
 Slow                     Hex            #.......     98%         2    ###....
 Confuse                  Hex            #.......     100%        3    ####...
 Conjure Flame            Conj/Fire      #.......     100%        3    ####...
 Dazzling Spray           Conj/Hex       #.....       100%        3    ####...
 Mephitic Cloud           Conj/Pois/Air  #.......     100%        3    ####...
 Tukima's Dance           Hex            #.......     100%        3    ####...


Dungeon Overview and Level Annotations

Branches:
Dungeon (6/15)             Temple (0/1) D:4

Altars:
Elyvilon
Gozag
Hepliaklqana
Nemelex Xobeh
Ru
Trog
Xom
Zin

Annotations:
D:2 Sigmund
D:4 3 runed doors, Nr616's ghost, novice MiFi


Innate Abilities, Weirdness & Mutations

You are resistant to torment.
Your stone body is resilient. (AC +6)
You are immune to poison.
You resist negative energy. (rN+)
You are resistant to electric shocks. (rElec)
You can survive without breathing.
You are immune to petrification.
You are immune to rotting.


Message History

Things that are here:
a +0 dagger; an orc skeleton You hit the worker ant.
You burn the worker ant.
The worker ant is heavily wounded.
The worker ant barely misses you.
You barely miss the worker ant.
The worker ant is heavily wounded.
The worker ant bites you.
You barely miss the worker ant.
The worker ant is heavily wounded.
You block the orc warrior's attack. The worker ant barely misses you.
You hit the worker ant. You burn the worker ant.
The worker ant is almost dead.
The worker ant bites you but does no damage.
You barely miss the worker ant.
The worker ant is almost dead.
The orc warrior hits you from afar with a +1 halberd of flaming!!
* * * LOW HITPOINT WARNING * * *
The orc warrior burns you!
You die...

##....#....(.###
#........(.###
#........###
#........#
#####...)..(##
#...........#
######
#...#.......###..5.
#.....)....)##..###
#...#<###.........#
#####.##...####o..#
#@##...# ##(..#
#)aJ..## #...##
####o######.#.#
#....(....o...#
#........##.#####
#...........#
#........####
#.........
#.(......##
#(.......#
#...######


You could see an orc warrior, a worker ant and an ooze.

Vanquished Creatures
  Pikel (D:4)
  Eustachio (D:5)
  A slave (D:4)
  A sky beast (D:5)
  3 phantoms
  2 centaurs
  Blork the orc (D:5)
  A crimson imp (D:6)
  A centaur zombie (D:5)
  3 jellies (D:6)
  A hound (D:5)
  A bullfrog skeleton (D:4)
  An orc priest (D:5)
  4 orc wizards
  Ijyb (D:5)
  Natasha (thrice) (D:2)
  2 worker ants (D:4)
  12 adders
  5 oozes
  2 adder skeletons
  4 worms
  6 leopard geckos
  16 orcs
  A ball python (D:1)
  11 bats
  2 giant cockroaches
  12 goblins
  5 hobgoblins
  9 jackals
  12 kobolds
  3 quokkas
  8 frilled lizards
  7 rats
143 creatures vanquished.

Vanquished Creatures (others)
  5 fungi (D:6)
5 creatures vanquished.

Grand Total: 148 creatures vanquished

Notes
Turn   | Place    | Note
-------+----------+-------------------------------------------
     0 | D:1      | bli the Gargoyle Fighter began the quest for the Orb.
     0 | D:1      | Reached XP level 1. HP: 14/14 MP: 1/1
   116 | D:1      | Reached XP level 2. HP: 19/19 MP: 2/2
   607 | D:1      | Reached XP level 3. HP: 23/23 MP: 3/3
  1174 | D:2      | Found a sacrificial altar of Ru.
  1174 | D:2      | Found a sparkling altar of Nemelex Xobeh.
  1175 | D:2      | Found a hazy altar of Hepliaklqana.
  1182 | D:2      | Became a worshipper of Ru the Awakened
  1320 | D:2      | Noticed Natasha
  1336 | D:2      | Killed Natasha
  1336 | D:2      | Reached XP level 4. HP: 3/28 MP: 4/4
  1578 | D:2      | Noticed Natasha
  1590 | D:2      | Killed Natasha
  1892 | D:2      | Noticed Sigmund
  2306 | D:3      | Found a white marble altar of Elyvilon.
  2337 | D:3      | Found a shimmering altar of Xom.
  2341 | D:3      | Noticed an angel
  2352 | D:3      | Found a glowing silver altar of Zin.
  2397 | D:3      | Reached XP level 5. HP: 31/32 MP: 5/5
  2932 | D:4      | Found an opulent altar of Gozag.
  3094 | D:4      | Reached skill level 5 in Shields
  3094 | D:4      | Reached XP level 6. HP: 15/37 MP: 6/6
  3554 | D:4      | Noticed a slave
  3554 | D:4      | Noticed a slave
  3618 | D:4      | Killed a slave
  3735 | D:4      | Found a staircase to the Ecumenical Temple.
  3777 | D:4      | Noticed Pikel
  3778 | D:4      | Noticed a slave
  3781 | D:4      | Noticed a slave
  3826 | D:4      | Killed Pikel
  3826 | D:4      | Reached XP level 7. HP: 19/44 MP: 7/7
  3827 | D:4      | Upgraded the game from 0.23-a0-435-g79ed067 to
                  | 0.23-a0-446-g036aa52
  3872 | D:4      | Found a runed gate.
  3872 | D:4      | Found a runed gate.
  3872 | D:4      | Found a runed gate.
  3878 | D:4      | Noticed Nr616's ghost (novice MiFi)
  4308 | D:2      | Reached XP level 8. HP: 48/48 MP: 8/8
  4397 | D:2      | Noticed Natasha
  4400 | D:2      | Killed Natasha
  4965 | D:5      | Entered Level 5 of the Dungeon
  5048 | D:5      | Noticed Ijyb
  5084 | D:5      | Killed Ijyb
  5143 | D:5      | Noticed Eustachio
  5252 | D:5      | Killed Eustachio
  5535 | D:5      | Noticed Blork the orc
  5558 | D:5      | Killed Blork the orc
  5594 | D:5      | Found a bloodstained altar of Trog.
  5607 | D:5      | Reached skill level 5 in Fighting
  5607 | D:5      | Reached XP level 9. HP: 49/54 MP: 9/9
  6260 | D:6      | Slain by an orc warrior

Vault maps used:
D:1:      sevenhm_arrival_forest_fort_large_4
D:2:      grunt_temple_overflow_open, chequers_mini_garden, uniq_sigmund,
          uniq_natasha
D:3:      grunt_temple_overflow_order_and_chaos_1, elyvilon_altar_3,
          first_ration
D:4:      minmay_temple_entry_hall, gammafunk_ghost_split, grunt_gozag_statues,
          uniq_pikel
D:5:      kennysheep_mini, uniq_ijyb, uniq_blork_the_orc, uniq_eustachio
D:6:      lemuel_slime, minmay_fractal_squares_gapless_5

Skill      XL: |  1  2  3  4  5  6  7  8  9 |
---------------+----------------------------+-----
Maces & Flails | 3 4 6 7 8 |  8.4
Shields        | 4 5 6 8 |  8.3
Fighting       | 4 5 |  5.1
Armour         | 4 |  4.8

Action                   |  1- 3 |  4- 6 |  7- 9 || total
-------------------------+-------+-------+-------++-------
Melee: Flail             |   126 |   280 |     3 ||   409
       Whip              |       |       |   334 ||   334
Throw: Stone             |       |    30 |       ||    30
       Javelin           |       |    15 |     2 ||    17
Invok: Reject Sacrifices |       |     1 |       ||     1
  Use: Scroll            |       |       |     9 ||     9
  Eat: Chunk             |     2 |     8 |     8 ||    18
Armor: Ring mail         |    59 |   121 |   100 ||   280
       Scale mail        |       |       |    24 ||    24
Dodge: Dodged            |    49 |    83 |    92 ||   224
Block: Shield            |    62 |   142 |   140 ||   344

Table legend:
 A = Non-vault XP
 B = Vault XP
 C = Vault XP percentage of total XP
 D = Non-vault monster count
 E = Vault monster count
 F = Vault count percentage of total count
                 A         B        C        D         E       F
            +---------+---------+-------+---------+---------+-------
      Total |    1631 |    1195 |  42.3 |     132 |      10 |   7.0
            +---------+---------+-------+---------+---------+-------
        D:1 |      39 |       0 |   0.0 |      23 |       0 |   0.0
        D:2 |     155 |      35 |  18.4 |      31 |       1 |   3.1
        D:3 |     122 |       0 |   0.0 |      29 |       0 |   0.0
        D:4 |     250 |     697 |  73.6 |      20 |       1 |   4.8
        D:5 |     743 |     317 |  29.9 |      20 |       3 |  13.0
        D:6 |     322 |     146 |  31.2 |       9 |       5 |  35.7
            +---------+---------+-------+---------+---------+-------
